Cogmind - Beta 17 @@@ ROGUE MODE // 2026.08.13 @ 18:22:31 Player: Marc Result: Destroyed by D-53 Grenadier with Mini Grenade Launcher Performance ------------- Evolutions (0) 0 Regions Visited (2) 400 Robots Destroyed (8) 40 Value Destroyed (147) 147 Prototype IDs (3) 60 Alien Tech Used (0) 0 Bonus (0) 0 TOTAL SCORE: 647 Bonus ------- None Cogmind --------- Core Integrity 0/250 Matter 261/300 Energy 52/125 System Corruption 0% Temperature Cool (16) Movement Core (100) Ox1 Location -10/Mines Parts ------- > --- POWER (1) -------- Light Ion Engine > --- PROPULSION (2) --- (None) > --- UTILITY (2) ------ Experimental Sensor Array > --- WEAPON (2) ------- (None) > --- INVENTORY (5) ---- Small Storage Unit Peak State ------------ > --- POWER ------------ Light Ion Engine > --- PROPULSION ------- Flight Unit Flight Unit > --- UTILITY ---------- Bomb Drone Bay > --- WEAPON ----------- Assault Rifle Light Assault Rifle > --- INVENTORY -------- Light Ion Engine Flight Unit Small Storage Unit Rocket Launcher Mining Laser [Rating: 19] Favorites ----------- Power Light Ion Engine Engine Light Ion Engine Propulsion Flight Unit Leg Aluminum Leg Flight Unit Flight Unit Utility Bomb Drone Bay Device Bomb Drone Bay Storage Small Storage Unit Weapon Assault Rifle Ballistic Gun Assault Rifle Launcher Rocket Launcher Special Weapon Mining Laser Impact Weapon Flail Build | -11 -10 -10 ------- Run | Yrd Mat Min Slots Evolved . | . . . Power . | . . . Propulsion . | . . . Utility . | . . . Weapon . | . . . Parts Attached 15 | . 9 6 Power 3 | . 3 . Engine 3 | . 3 . Core . | . . . Reactor . | . . . Propulsion 4 | . 2 2 Treads . | . . . Leg . | . . . Wheel . | . . . Hover . | . . . Flight 4 | . 2 2 Utility 4 | . 2 2 Device 4 | . 2 2 Storage . | . . . Processor . | . . . Hackware . | . . . Protection . | . . . Artifact . | . . . Weapon 4 | . 2 2 Energy Gun . | . . . Energy Cannon . | . . . Ballistic Gun 1 | . 1 . Ballistic Cannon . | . . . Launcher 1 | . . 1 Special Weapon 1 | . . 1 Impact Weapon 1 | . 1 . Slashing Weapon . | . . . Piercing Weapon . | . . . Special Melee Weapon . | . . . Unidentified Prototypes 3 | . 1 2 Parts Lost 8 | . . 8 Power 1 | . . 1 Propulsion 3 | . . 3 Utility . | . . . Weapon 4 | . . 4 Highest Loss Streak 8 | . . 8 To Critical Strikes . | . . . Average Backups 5 | . 5 4 Power 1 | . 1 . Propulsion 1 | . 2 1 Utility . | . . 1 Weapon 1 | . 1 2 Tool/Special . | . . . Unused Backups 4 | . 3 1 Power 2 | . 2 . Propulsion . | . . . Utility 2 | . 1 1 Weapon . | . . . Tool/Special . | . . . Average Slot Usage (%) 88 | . 97 84 Engine 13 | . 14 13 Leg 2 | . 10 . Flight 24 | . 17 27 Device 16 | . 20 14 Storage 1 | . 5 . Ballistic Gun 27 | . 28 27 Peak Build Rating 19 | . 9 19 Average Rating 13 | . 6 16 On Entrance 6 | 6 6 7 Avg Prop Armor Cover (%) . | . . . Naked Turns . | . . . Heaviest Build 12 | 11 12 8 Greatest Support 20 | 20 20 8 Greatest Overweight (x) 2 | . . 2 Average Overweight (x) . | . . . Largest Inventory Capacity 8 | . 8 5 Average Capacity 5 | . 6 5 Most Carried 8 | . 8 5 Average Carried 4 | . 5 4 Final Capacity 8 | 8 5 5 Final Carried 6 | 6 5 1 Class Distribution -------------------- 100% | Mutant Dominant Class ---------------- Mutant | -10/Materials Mutant | -10/Mines Resources | -11 -10 -10 ----------- Run | Yrd Mat Min Matter Collected 434 | 178 220 36 Remotely . | . . . Salvage Created 114 | . 73 41 Parts 16 | . 9 7 Haulers Intercepted . | . . . Recyclers Shooed . | . . . Parts Field Recycled . | . . . Retrieved Matter . | . . . Parts Self-Destructed . | . . . Prevented . | . . . Parts Restored . | . . . Kills | -11 -10 -10 ------- Run | Yrd Mat Min Combat Hostiles Destroyed 8 | . 4 4 Guns 7 | . 4 3 Cannons 1 | . . 1 Classes Destroyed 3 | . 2 1 Swarmer 6 | . 3 3 Grunt 1 | . 1 . Demolisher 1 | . . 1 Best Kill Streak 4 | . 4 3 Combat Bots Only 4 | . 4 3 Max Kills in Single Turn 2 | . 1 2 Gunslinging 1 | . . 1 Exploded . | . . . Melee . | . . . Uniques/NPCs Destroyed . | . . . Combat | -11 -10 -10 -------- Run | Yrd Mat Min Hostile Shots Fired 43 | . 20 23 Missed 10 | . 7 3 Hits 33 | . 13 20 Projectile 33 | . 13 20 AOE 14 | . . 14 Damage Taken 752 | . 117 635 Core 257 | . 12 245 Absorbed by Shields . | . . . Core Remaining (%) 100 | 100 . . Volleys Fired 20 | . 12 8 Largest 2 | . 2 2 Hottest 100 | . 40 100 Shots Fired 38 | . 24 14 Gun 36 | . 24 12 Cannon . | . . . Launcher 1 | . . 1 Special 1 | . . 1 Kinetic 36 | . 24 12 Thermal 1 | . . 1 Explosive 1 | . . 1 Electromagnetic . | . . . Robot Hit Streak 5 | . 2 5 Robot Miss Streak 3 | . 2 3 Penetration Max . | . . . Secondary Targets 2 | . 1 1 Max Gunslinging Chain 1 | . 1 1 Shots Hit Robots 16 | . 8 8 Core Hits 10 | . 5 5 Critical Kills . | . . . Critical Parts Destroyed . | . . . Critical Strikes . | . . . Melee Attacks . | . . . Impact . | . . . Slashing . | . . . Piercing . | . . . Sneak Attacks . | . . . Combat Hostiles . | . . . Follow-up Attacks . | . . . Damage Inflicted 200 | . 91 109 Guns 152 | . 91 61 Cannons . | . . . Explosions 24 | . . 24 Melee . | . . . Ramming . | . . . Kinetic 152 | . 91 61 Thermal 24 | . . 24 Explosive 24 | . . 24 Electromagnetic . | . . . Impact . | . . . Slashing . | . . . Piercing . | . . . Highest Corruption . | . . . Average Corruption . | . . . Corruption Purged . | . . . Corruption Blocked . | . . . Overload Shots . | . . . Overflow Damage 12 | . . 12 Projectiles . | . . . Explosions 12 | . . 12 Melee . | . . . Knockbacks . | . . . Impact . | . . . Kinetic . | . . . Secondary . | . . . Self-Inflicted Damage 47 | . . 47 Shots 1 | . . 1 Rammed . | . . . Targets Rammed . | . . . Kicked . | . . . Crushed . | . . . Highest Temperature 20 | . 8 20 Average Temperature 6 | . 5 7 Received Heat Transfer 27 | . 27 . Siege Activations . | . . . Martial Activations . | . . . Shielding Activations . | . . . Robots Disrupted . | . . . Combat Hostiles . | . . . Robots Corrupted . | . . . Combat Hostiles . | . . . Parts Fried . | . . . Impact Corruptions . | . . . Robots Melted . | . . . Combat Hostiles . | . . . Parts Melted . | . . . Heat Transferred 50 | . . 50 Parts Sabotaged . | . . . Parts Stolen . | . . . Parts Stripped . | . . . Power Chain Reactions . | . . . Alert | -11 -10 -10 ------- Run | Yrd Mat Min Maximum Alert Level . | . . . Low Security (%) 100 | . 100 100 Level 1 . | . . . Level 2 . | . . . Level 3 . | . . . Level 4 . | . . . Level 5 . | . . . High Security . | . . . Max Security . | . . . Peak Influence 100 | . 100 70 Initial 39 | . . 39 Average 22 | . 59 9 Influence Increases 282 | . 180 102 Destroy 0b10 Robot/C 160 | . 80 80 Destroy Leader 20 | . 10 10 Allied During Kill 12 | . . 12 Partial Spotted 30 | . 30 . Lose Combat Pursuer 60 | . 60 . Influence Decreases 278 | . 80 198 Entered New Map 61 | . . 61 Time Decay 143 | . 80 63 Lost Part 54 | . . 54 Lost Ally 20 | . . 20 Squads Dispatched . | . . . Investigation . | . . . Extermination . | . . . Reinforcement . | . . . Assault . | . . . Garrison . | . . . Intercept . | . . . Searches Triggered . | . . . Construction Impeded . | . . . Haulers Reinforced . | . . . Active Scanning Responses . | . . . Cargo Convoy Interrupts . | . . . Stealth | -11 -10 -10 --------- Run | Yrd Mat Min Distress Signals 1 | . 1 . Communications Jammed . | . . . Distress Signals . | . . . Times Spotted 20 | . 11 9 Peak Tracking Total 19 | . 4 19 Tactical Retreats 3 | . 2 1 Traps | -11 -10 -10 ------- Run | Yrd Mat Min Traps Triggered . | . . . Indirectly . | . . . Trap Hack Attempts . | . . . Triggered . | . . . Disarmed . | . . . Reprogrammed . | . . . Reused . | . . . Traps Extracted . | . . . Installed . | . . . Triggered . | . . . Machines | -11 -10 -10 ---------- Run | Yrd Mat Min Machines Disabled . | . . . Max in Single Turn . | . . . Machines Repaired . | . . . Machines Dismantled . | . . . Machines Sabotaged . | . . . Overloaded Fab Kills . | . . . Hacking | -11 -10 -10 --------- Run | Yrd Mat Min Machines Accessed 2 | . 1 1 Terminals 1 | . 1 . Fabricators . | . . . Repair Stations . | . . . Recycling Units . | . . . Scanalyzers . | . . . Garrison Access . | . . . Total Hacks 5 | . 4 1 Successful 2 | . 1 1 Failed 3 | . 3 . Catastrophic . | . . . Database Lockouts . | . . . Manual 4 | . 4 . Terminals 4 | . 4 . Fabricators . | . . . Repair Stations . | . . . Recycling Units . | . . . Scanalyzers . | . . . Garrison Access . | . . . Terminal Hacks 1 | . . 1 Open Door 1 | . . 1 Fabricator Hacks . | . . . Repair Station Hacks . | . . . Recycling Unit Hacks . | . . . Scanalyzer . | . . . Garrison Access Hacks . | . . . Unauthorized Hacks 1 | . 1 . Terminals 1 | . 1 . Botnet 1 | . 1 . Fabricators . | . . . Repair Stations . | . . . Recycling Units . | . . . Scanalyzers . | . . . Garrison Access . | . . . Data Cores Recovered . | . . . Used . | . . . Hacking Detections . | . . . Full Trace Events . | . . . Feedback Events . | . . . Feedback Blocked . | . . . Robot Schematics Acquired . | . . . Robots Built . | . . . Authchips . | . . . Time . | . . . Total Robot Build Rating . | . . . Part Schematics Acquired . | . . . Parts Built . | . . . Authchips . | . . . Time . | . . . Total Part Build Rating . | . . . Part Studies Acquired . | . . . Parts Repaired . | . . . Time . | . . . Parts Recycled . | . . . Recycled Matter . | . . . Retrieved Matter . | . . . Retrieved Components . | . . . Parts Scanalyzed . | . . . Part Schematics Acquired . | . . . Parts Damaged . | . . . Bothacking | -11 -10 -10 ------------ Run | Yrd Mat Min Used RIF Installer . | . . . Robots Hacked . | . . . Non-combat . | . . . Combat . | . . . Robot Hacks Applied . | . . . Relay Couplers Released . | . . . Fabnet Peak Effective % . | . . . Robots Rewired . | . . . Allies Hacked . | . . . Hacks Repelled . | . . . Allies | -11 -10 -10 -------- Run | Yrd Mat Min Total Allies . | . . . Largest Group . | . . . Highest-Rated Group . | . . . Highest-Rated Ally . | . . . Total Orders 2 | . . 2 ROAM 1 | . . 1 EXPLORE 1 | . . 1 Ally Attacks 2 | . . 2 Total Damage . | . . . Kills . | . . . Allies Corrupted . | . . . Allies Melted . | . . . Intel | -11 -10 -10 ------- Run | Yrd Mat Min Active Infowar (turns) 314 | . 210 104 Sensors 212 | . 109 103 Seismic 287 | . 210 77 Robot Analysis Total . | . . . Derelict Logs Recovered . | . . . Drone Launches 16 | . . 16 Drone Recoveries . | . . . Exploration | -11 -10 -10 ------------- Run | Yrd Mat Min Turns Passed 788 | . 214 574 Spaces Moved 568 | 1 284 283 Core 5 | . . 5 Treads . | . . . Legs 36 | 1 35 . Wheels . | . . . Hover . | . . . Flight 527 | . 249 278 Fastest Speed 37 | 120 37 37 Average Speed 43 | 120 47 38 Slowest Speed 150 | 120 120 150 Overloaded Moves . | . . . Propulsion Burnouts . | . . . Robots Hopped 11 | . 4 7 Potential Cave-ins . | . . . Cave-ins Triggered . | . . . Exploration Rate (%) 50 | 2 50 99 Regions Visited 2 Branch Regions 1 Pre-discovered Areas . | . . . Known Exits Taken . | . . . Unknown Exits Taken 2 | 1 1 . Scrap Searched 1 | . . 1 Spaces Dug . | . . . Terrain Destroyed 2 | . . 2 Melee . | . . . Projectile . | . . . AOE 2 | . . 2 Terrain Rammed . | . . . Walls Destroyed . | . . . Machines Disabled . | . . . Actions | -11 -10 -10 --------- Run | Yrd Mat Min Total 1070 | . 342 728 Wait 448 | . 19 429 Move 545 | . 275 270 Hop 10 | . 4 6 Pick Up 11 | . 10 1 Fast Attach 3 | . . 3 Attach 10 | . 6 4 Detach 1 | . 1 . Swap 5 | . 4 1 Drop 17 | . 11 6 Fire 20 | . 12 8 Melee . | . . . Ram . | . . . Kick . | . . . Crush . | . . . Escape Stasis . | . . . Rewire . | . . . Trap . | . . . Miscellaneous . | . . . Route ------- -11/Scrapyard -10/Materials (discovered 2 exits: [*Mat] / *Min) -10/Mines (discovered 3 exits: [*Mat x2] / [*Sub]) History --------- Turn | Location | Event 1 | -11/Scrapyard | Discovered new exit (range 0) 1 | -11/Scrapyard | Entered Materials 175 | -10/Materials | Discovered new exit (range 11) 208 | -10/Materials | Discovered new exit (range 9) 215 | -10/Materials | Entered Mines 231 | -10/Mines | Discovered new exit (range 9) 256 | -10/Mines | Received a Rocket Launcher from a helpful Derelict 290 | -10/Mines | Found the Drone Emporium 292 | -10/Mines | Found Prototype Device 292 | -10/Mines | Identified Bomb Drone Bay 313 | -10/Mines | Build established: Mutant 313 | -10/Mines | Discovered new exit (range 15) 344 | -10/Mines | Discovered new exit (range 46) 754 | -10/Mines | Assembled infested the area 761 | -10/Mines | Found a damaged Exp. Sensor Array with a note attached 762 | -10/Mines | Found Prototype Device 762 | -10/Mines | Identified Exp. Sensor Array 780 | -10/Mines | Core integrity fell below 50% 782 | -10/Mines | Core integrity fell below 20% 789 | -10/Mines | Destroyed by D-53 Grenadier with Mini Grenade Launcher Last Messages --------------- 00777_ Lgt. Ion Engine destroyed. 00777_ Assault Rifle destroyed. 00777_ T-07 Excavator destroyed. 00778_ The unstable cave ceiling collapses. 00779_ Lgt. Assault Rifle destroyed. 00780_ K-01 Serf collects debris. 00781_ Flight Unit destroyed. 00784_ D-53 Grenadier destroyed. 00785_ K-01 Serf collects debris. 00785_ U-05 Engineer lays Concrete. 00787_ The unstable cave ceiling collapses. 00787_ Mining Laser destroyed. 00787_ U-05 Engineer lays Concrete. 00787_ K-01 Serf collects debris. 00788_ The unstable cave ceiling collapses. 00788_ Rocket Launcher destroyed. 00788_ Destroyed Rocket Launcher. 00788_ U-05 Engineer lays Concrete. 00788_ K-01 Serf collects debris. 00789_ The unstable cave ceiling collapses. Map ----- +----------------------------------------------------+ | ## #### ## #?????????# #?# | | #### ## ########## ###???????# """ #?? | | ###??## " ##????????# #???????# """ #?? | | ??????# ##?????????# #???????# """ #?? | | ??????# #??????????### #???????# #?? | | ??????## ##???????????# #???????# """ #?? | | ???????##### ###?????????# ##??????# """ #?? | | ???????????# #????????## ##?????# """ #?? | | ???????????# # ##???????## #?????# #?? | | ???????????# #####???????## #?????## #####?? | | ???????????# #??????????## #??????# #?????? | | ??????####?# ?#??????????# ##??????# #?????? | | ????### ### ?#??????????# r #???????#$#?????? | | ????# ##? #?????????## n#??????## #?????? | | ??### # ? #????????## u ##??#### ##????? | | ??# ## ? #????????# ##?# ##???? | | ??## ### ?#####????????# ### ### ##??? | | ???#### ?#????????????## #?# ##?? | | ????## ?################ = # ####?# % ### | | ?#### ? ! # #????# ! ## | | ## ############ k ## #????## ] # | | # #????????## # #?# #?????#### | | # ##??????### #?# #????????# ## | | ## ##???## ## # #?# #??????### ## | | ?## #???## #?# #?????## #? | | ??## ##??# %d@ #?# #?????# #? | | ???## #??#" r ##?# #####?# #? | | ????## #??# ! % #??# ? #?## #? | | ?????## ##??# ######### #??## ## | | ??????####???## ##???# #???## # | | ??????????????# # < ##??# #????## | | ??????????????## ### * ##?# #????## | | ???????????????##??## %[ *% #?# #???## | | ????????????????????## k[#### #?# ##### | | ????????????????????##k #??## #?# | | ????????????????????# ##??## """ ### ###### | | ????????????????????# ###???# """ #????## # | | ????????????????????####?????# """ #####?????#### | | ?????????????????????????????## #????????????? | | ??????????????????????????????# #????????????? | | ??????????????????????????????## ##????????????? | | ???????????????????????????????#####?????????????? | | ?????????????????????????????????????????????????? | | | | | | | | | | | | | | | +----------------------------------------------------+ Best States ------------- Heat Dissipation 25 Energy Generation 10 Energy Capacity 125 Matter Stores 300 Matter Capacity 300 Sight Range 16 Robot Scan Range 20 Terrain Scan Density 10 Evasion (%) 62 Item Schematics ----------------- None Robot Schematics ------------------ None Fabricated ------------ Nothing Repaired ---------- Nothing Studied --------- None Alien Tech Used ----------------- None Achievements -------------- None Challenges ------------ None Game ------ Seed ArmorStorageJets Manual? 0 Play Time 00:06:47 Cumulative 19.1 hours Start 2026.08.13 @ 18:15:46 End 2026.08.13 @ 18:22:31 Sessions 1 Manual Loads 0 Difficulty Rogue Special Mode None Game No. 58 Rogue 51 Adventurer 7 Explorer 0 Win Type - Total 0 Types 0/0/0/0/0/0/0/0/0/0 Lore% 11 Gallery% 22 Achievement% 17 Wizard Run 0 Options --------- Layout 0 ASCII 0 Keyboard 0 Movement Mouse Keybinds 0 Fullscreen 1 Font 18/SmallcapsGlow Map View 38x25 Zoom Use 100% Tactical HUD 1 Map Filters NONE Filters NONE Steam 1 RUN: e91cc19a-0e3b-4740-aeed-d88a4fbedf90